 Dungeon Crawl Stone Soup version 0.19-a0-1882-gbb73ea0 (webtiles) character file.

202 holy777 the Grave Robber (level 5, -8/36 HPs)
             Began as a Mummy Necromancer on Oct 14, 2016.
             Killed from afar by an orc wizard (12 damage)
             ... with a puff of flame
             ... on level 3 of the Dungeon.
             The game lasted 00:06:43 (2186 turns).

holy777 the Grave Robber (Mummy Necromancer)        Turns: 2186, Time: 00:06:44

Health: -8/36      AC:  6    Str: 12    XL:     5   Next: 50%
Magic:  9/9        EV: 12    Int: 15    God:
Gold:   102        SH:  0    Dex: 12    Spells: 4 memorised, 1 level left

rFire  x . .     SeeInvis .     f - +1 dagger (venom)
rCold  + . .     Gourm    .     g - +2 robe {MR+}
rNeg   + + +     Faith    .     (no shield)
rPois  ∞         Spirit   .     (no helmet)
rElec  .         Dismiss  .     (no cloak)
rCorr  .         Reflect  .     (no gloves)
MR     +....     Harm     .     d - +1 pair of boots
Stlth  ++........               (no amulet)
                                (no ring)
                                (no ring)

@: very slightly contaminated
A: no food or potions, fire vulnerability, cold resistance 1, negative energy
resistance 3, torment resistance, unbreathing
a: no special abilities


You were on level 3 of the Dungeon.
You were not hungry.

You visited 1 branch of the dungeon, and saw 3 of its levels.

You collected 102 gold pieces.

Inventory:

Hand Weapons
 f - a +1 dagger of venom (weapon)
 l - a +1 flail of protection
Missiles
 e - 48 poisoned needles
Armour
 d - a +1 pair of boots (worn)
 g - a +2 robe of magic resistance (worn)
Wands
 c - a wand of slowing (19/48)
 h - a wand of flame (23/48)
 i - a wand of acid (9/15)
Scrolls
 a - a scroll of recharging {unknown}
 j - a scroll of remove curse
Books
 b - a book of Necromancy

   Spells                             Type                      Level
   a - Pain                           Necromancy                   1
   b - Animate Skeleton               Necromancy                   1
   c - Vampiric Draining              Necromancy                   3
   d - Regeneration                   Charms/Necromancy            3
   e - Animate Dead                   Necromancy                   4
   f - Control Undead                 Necromancy                   4


   Skills:
 + Level 0.8 Fighting
 + Level 0.1 Short Blades
 + Level 0.1 Maces & Flails
 - Level 1.5 Dodging
 - Level 1.5 Stealth
 + Level 3.1 Spellcasting
 * Level 6.1 Necromancy


You had one spell level left.
You knew the following spells:

 Your Spells              Type           Power        Failure   Level  Hunger
a - Pain                  Necr           ###.         1%          1    N/A
b - Animate Skeleton      Necr           N/A          1%          1    N/A
c - Vampiric Draining     Necr           ###.......   6%          3    N/A
d - Animate Dead          Necr           N/A          21%         4    N/A

Dungeon Overview and Level Annotations

Branches:
Dungeon (3/15)

Altars:
Elyvilon
Zin
The Shining One


Innate Abilities, Weirdness & Mutations

You do not eat or drink.
Your flesh is vulnerable to fire.
You are immune to poison.
Your flesh is cold resistant. (rC+)
You are immune to negative energy. (rN+++)
You are immune to unholy pain and torment.
You can survive without breathing.


Message History

You hear some strange, mumbled words.
A puff of frost appears from out of thin air!
The puff of frost hits you! You resist. Something hits you but does no damage.
The orc priest calls down the wrath of Beogh upon you.
Beogh smites you!
* * * LOW HITPOINT WARNING * * *
Okay, then.
Something hits you but does no damage. Something hits you.
* * * LOW HITPOINT WARNING * * *
Blink to where?
Press: ? - help, Dir - move target cursor You are very lightly contaminated with residual magic.
As you read the scroll of blinking, it crumbles to dust.
The orc wizard points at you and mumbles some strange words.
The magic dart hits you!
* * * LOW HITPOINT WARNING * * *
The orc wizard casts a spell at you. The puff of flame hits you!
The fire burns you terribly!
You die...

#........# #........###
#..........######
#.......{#....o.##
#####o#########..########
#..# ##...o...o. ##.###
########## #...##### #
###@....# #####.# #.#
####### ##.#######
#.%.[.# #.........
#.....# #..........
#.....# ####...%<.....##
##.....###ZZ..........#.
#....)!..(.(............


You could see an orc wizard.

Vanquished Creatures
  Jessica (D:2)
  Ijyb (D:2)
  An iguana (D:3)
  A gnoll (D:1)
  5 adders (D:2)
  A worm (D:3)
  5 dart slugs
  2 leopard geckos
  An orc (D:3)
  A giant cockroach (D:1)
  A hobgoblin (D:3)
  2 jackals (D:1)
  3 kobolds
  A ball python (D:1)
  10 bats
  4 frilled lizards
  9 goblins
  4 rats
53 creatures vanquished.

Vanquished Creatures (collateral kills)
  An adder (D:3)
  An orc (D:3)
  A rat (D:1)
3 creatures vanquished.

Vanquished Creatures (others)
  4 toadstools (D:1)
4 creatures vanquished.

Grand Total: 60 creatures vanquished

Notes
Turn   | Place    | Note
-------+----------+-------------------------------------------
     0 | D:1      | holy777 the Mummy Necromancer began the quest for the Orb.
     0 | D:1      | Reached XP level 1. HP: 13/13 MP: 3/3
     2 | D:1      | Learned a level 1 spell: Animate Skeleton
    18 | D:1      | Reached XP level 2. HP: 19/19 MP: 0/5
   498 | D:1      | Reached XP level 3. HP: 24/24 MP: 1/6
   503 | D:1      | Learned a level 3 spell: Vampiric Draining
   798 | D:1      | Reached skill level 5 in Necromancy
  1125 | D:2      | Noticed Jessica
  1143 | D:2      | Killed Jessica
  1143 | D:2      | Reached XP level 4. HP: 27/31 MP: 0/7
  1292 | D:2      | Noticed Ijyb
  1300 | D:2      | Killed Ijyb
  1456 | D:2      | Reached XP level 5. HP: 36/36 MP: 3/9
  1539 | D:2      | Learned a level 4 spell: Animate Dead
  1647 | D:2      | Found a glowing silver altar of Zin.
  1647 | D:2      | Found a white marble altar of Elyvilon.
  1647 | D:2      | Found a glowing golden altar of the Shining One.
  1888 | D:3      | Reached skill level 6 in Necromancy
  2186 | D:3      | Killed from afar by an orc wizard

Vault maps used:
D:1:      ldierk_walled_garden_2, minivault_23, kennysheep_pointless_box
D:2:      good_gods_mini_temple, uniq_iyjb, uniq_jessica
D:3:      vehumet_crystals, okawaru_trees_2, first_bread, minmay_cut_off,
          uniq_natasha

Skill      XL: |  1  2  3  4  5 |
---------------+----------------+-----
Necromancy     | 5 6 |  6.1
Spellcasting   | 3 |  3.1
Fighting       | |  0.8
Short Blades   | |  0.1
Maces & Flails | |  0.1
Dodging        | |  1.5
Stealth        | |  1.5

Action                   |  1- 3 |  4- 6 || total
-------------------------+-------+-------++-------
Melee: Unarmed           |     2 |       ||     2
       Whip              |    23 |       ||    23
       Dagger            |     6 |    25 ||    31
 Cast: Pain              |    44 |    45 ||    89
       Animate Skeleton  |     7 |     3 ||    10
       Animate Dead      |       |     5 ||     5
       Vampiric Draining |       |     1 ||     1
  Use: Scroll            |     2 |     2 ||     4
 Stab: Sleeping          |     1 |       ||     1
Armor: Robe              |    12 |    18 ||    30
Dodge: Dodged            |    34 |    26 ||    60
